Map: Kairos Junction LE

Players

Sandro

  • Race: Protoss Protoss
  • League: Master
  • Spawn Location: 5:00

BluE - Winner!

  • Race: Protoss Protoss
  • Spawn Location: 11:00

VOD

Have the link to the VOD?

Description

Time

  • Played on: Jan. 28, 2019, 10:23 a.m.
  • Length: 9:40
Show
View Real Time Build Order
Export as new Build Order

Sandro Protoss 

Build Orders: Archon Immortal 

Get SALT Encoding   

  12  0:00  Probe  
  13  0:13  Probe  
  14  0:17  Pylon  
  14  0:24  Probe  
  15  0:32  Probe  
  15  0:39  Gateway  
  15  0:40  Probe  
  16  0:46  Assimilator  
  17  0:51  Probe  
  17  0:55  Assimilator  
  18  1:00  Probe  
  19  1:08  Gateway, Probe  
  19  1:17  Probe  
  21  1:26  Cybernetics Core  
  21  1:30  Probe  
  22  1:37  Pylon  
  22  1:42  Probe  
  23  1:53  Warp Gate  
  23  1:55  Probe  
  24  2:03  Stalker  
  24  2:06  Stalker  
  28  2:12  Pylon  
  28  2:14  Probe  
  29  2:25  Pylon  
  29  2:26  Probe  
  30  2:41  Adept x2  
  33  3:05  Nexus  
  33  3:21  Robotics Facility, Probe  
  34  3:29  Probe  
  34  3:32  Pylon  
  35  3:39  Probe  
  36  3:51  Probe  
  37  3:55  Stalker  
  37  3:56  Stalker  
  41  4:03  Probe  
  41  4:06  Forge  
  43  4:10  Observer  
  43  4:11  Probe  
  43  4:13  Probe  
  44  4:19  Probe  
  44  4:21  Probe  
  46  4:25  Sentry x2  
  46  4:29  Protoss Ground Weapons Level 1  
  46  4:30  Probe  
  51  4:31  Probe  
  51  4:32  Oracle  
  51  4:33  Oracle  
  53  4:40  Twilight Council  
  53  4:42  Probe  
  52  4:53  Stalker x2  
  52  4:58  Probe x2  
  56  5:01  Observer  
  57  5:07  Pylon  
  57  5:08  Assimilator  
  57  5:10  Assimilator  
  57  5:16  Charge, Probe x2  
  57  5:20  Zealot  
  61  5:23  Pylon  
  61  5:27  Probe  
  61  5:28  Probe  
  62  5:35  Probe  
  61  5:40  Probe  
  61  5:42  Gateway  
  63  5:45  Probe  
  64  5:52  Stalker, Probe  
  64  5:53  Stalker  
  64  5:55  Immortal  
  69  5:57  Probe  
  74  6:04  Probe  
  74  6:07  Protoss Ground Weapons Level 2  
  74  6:08  Pylon  
  75  6:24  Gateway  
  75  6:28  Gateway  
  75  6:33  Gateway  
  75  6:41  Gateway  
  75  6:45  Gateway  
  74  6:51  Immortal  
  75  7:10  Nexus  
  75  7:15  Templar Archives  
  75  7:21  Photon Cannon  
  75  7:23  Zealot  
  75  7:29  Zealot x2  
  81  7:32  Immortal  
  85  7:49  Pylon  
  85  8:03  High Templar  
  86  8:08  High Templar x4  
  86  8:09  Pylon  
  94  8:13  Archon x2  
  94  8:15  Pylon  
  94  8:16  Immortal  
  94  8:17  Pylon  
  94  8:23  High Templar x3  
  104  8:28  Archon  
  104  8:36  Pylon  
  104  8:38  Archon  
  104  8:39  Zealot  
  104  8:44  Zealot x4  
  112  9:01  Zealot  
  112  9:02  Zealot  
  116  9:06  Zealot x2  
  112  9:12  Zealot  
  88  9:19  Zealot, High Templar x2  
  88  9:22  Zealot  
  96  9:27  Zealot, Archon  
  96  9:28  Zealot  
  99  9:33  Zealot  
Show
View Real Time Build Order
Export as new Build Order

BluE Protoss - Winner!

Build Orders: Zealot Archon 

Get SALT Encoding   

  12  0:00  Probe  
  13  0:12  Probe  
  14  0:17  Pylon  
  14  0:23  Probe  
  15  0:31  Probe  
  16  0:38  Gateway  
  16  0:39  Probe  
  16  0:48  Assimilator  
  17  0:51  Probe  
  18  0:57  Assimilator  
  18  1:03  Probe  
  19  1:11  Gateway  
  19  1:15  Probe  
  20  1:25  Cybernetics Core  
  20  1:27  Probe  
  21  1:35  Pylon  
  21  1:39  Probe  
  22  1:51  Probe  
  23  1:55  Warp Gate  
  23  2:01  Stalker  
  23  2:02  Sentry  
  23  2:03  Probe  
  28  2:09  Pylon  
  27  2:38  Stalker  
  31  2:51  Nexus  
  31  2:53  Probe  
  31  2:56  Robotics Facility  
  30  3:02  Probe  
  30  3:11  Probe  
  31  3:13  Shield Battery  
  33  3:23  Probe  
  34  3:34  Warp Prism  
  34  3:35  Probe  
  33  3:44  Pylon  
  33  3:47  Stalker x2  
  39  3:55  Shield Battery  
  39  3:59  Pylon  
  40  4:02  Probe  
  40  4:03  Probe  
  41  4:11  Observer  
  41  4:14  Probe  
  41  4:15  Probe  
  43  4:23  Forge  
  44  4:27  Probe  
  44  4:29  Adept x2, Probe  
  50  4:41  Protoss Ground Weapons Level 1  
  50  4:42  Probe  
  51  4:45  Pylon, Probe  
  51  4:50  Probe  
  52  4:57  Probe  
  54  5:00  Probe  
  54  5:04  Immortal  
  59  5:10  Pylon  
  59  5:15  Probe  
  59  5:16  Probe  
  59  5:20  Assimilator x2  
  61  5:26  Twilight Council  
  61  5:27  Probe  
  62  5:33  Immortal  
  62  5:41  Probe  
  62  5:42  Probe  
  64  5:45  Pylon  
  68  5:53  Probe  
  69  5:58  Pylon  
  69  6:00  Pylon  
  69  6:06  Charge  
  69  6:10  Protoss Ground Weapons Level 2  
  69  6:11  Observer  
  69  6:19  Gateway x2  
  69  6:22  Gateway x2  
  69  6:23  Templar Archives  
  69  6:34  Immortal  
  73  6:44  Pylon  
  73  6:47  Probe  
  74  6:55  Probe  
  75  7:07  Nexus  
  75  7:09  Pylon  
  75  7:14  Gateway  
  75  7:17  Gateway  
  75  7:20  High Templar x2  
  75  7:21  High Templar x3  
  85  7:23  High Templar  
  85  7:26  Archon x2  
  85  7:28  Archon  
  85  7:29  Probe x2  
  89  7:33  Pylon  
  89  7:36  Pylon  
  91  8:01  Probe  
  91  8:04  Pylon  
  86  8:06  Zealot x2  
  86  8:07  Zealot x4  
  86  8:09  Pylon  
  98  8:17  High Templar x2  
  102  8:21  Archon  
  102  8:28  Zealot x5  
  102  8:30  Zealot  
  114  8:48  High Templar  
  114  8:49  High Templar x3  
  114  8:51  Zealot x4  
  114  8:53  Archon x2  
  130  9:00  Pylon  
  130  9:02  Pylon  
  114  9:22  Zealot x4  
  114  9:23  Zealot x4  
Tags
 
Add a new tag
Caveats
  • Supply blocks, unpowered buildings, or Contaminate may cause inaccurate times.
  • Supply counts are checked every 10 seconds.